AoeStats
← phoenixlau.vn

Arabia

507899797Analyzed
1v1 RM · 12d ago on Sep 20, 2026· 35m 9s· 2 players
Game mode
Random Map
Map size
Tiny (2 player)
Population
200
Speed
Normal
Resources
Standard
Victory
Conquest
Starting age
Dark Age
Ending age
Imperial Age
RankedLock teamsTeams togetherTeam positionsShared explorationLock speedFull tech treeHidden civsTurbo modeCheats
Victory
Defeat
🇨🇴 Byzantines · Colombia
698
+13
🇻🇳 Magyars · Vietnam
633
-22
phoenixlau.vn
7:24 Loom
10:25 Feudal Age
10:57 Double-Bit Axe
10:56 Horse Collar
20:59 Man-at-Arms
23:43 Scale Mail Armor
23:49 Scale Barding Armor
28:06 Castle Age
28:37 Gold Mining
29:03 Bow Saw
31:02 Chain Barding Armor
31:59 Long Swordsman
34:30 Chain Mail Armor
Tony Montana
3:37 Loom
9:59 Feudal Age
10:30 Double-Bit Axe
19:30 Wheelbarrow
19:15 Fletching
21:30 Castle Age
22:16 Gold Mining
22:30 Scale Mail Armor
22:42 Elite Skirmisher
23:48 Forging
23:28 Pikeman
25:15 Bow Saw
27:10 Ballistics
27:57 Bodkin Arrow
28:33 Squires
29:44 Iron Casting
Connection lost

Rejoining the realm…

Still unreachable

The connection could not be restored.

Session expired

The server has moved on; the page needs a fresh start.